Map: King Sejong Station LE

Players

Jayu - Winner!

  • Race: Zerg Zerg
  • League: Master

WoodedMicrob

  • Race: Terran Terran
  • League: Master

VOD

Have the link to the VOD?

Description

Time

  • Played on: Oct. 30, 2016, 9:02 a.m.
  • Length: 18:52
Show
View Real Time Build Order
Export as new Build Order

Jayu Zerg - Winner!

Build Orders: Hatch First 

Get SALT Encoding   

  12  0:00  Drone  
  13  0:13  Overlord  
  13  0:17  Drone  
  14  0:22  Extractor  
  14  0:23  Drone  
  15  0:32  Drone  
  15  0:35  Drone  
  17  0:52  Unknown, Hatchery  
  16  0:59  Drone  
  17  1:12  Drone  
  17  1:13  Spawning Pool  
  17  1:15  Extractor  
  17  1:18  Drone  
  17  1:21  Drone  
  18  1:28  Drone  
  19  1:40  Overlord  
  19  2:00  Zergling x2  
  19  2:01  Queen, Zergling x2  
  21  2:04  Queen, Unknown  
  21  2:08  Zergling x2  
  25  2:11  Drone  
  26  2:16  Metabolic Boost  
  26  2:20  Drone  
  26  2:22  Drone  
  28  2:26  Drone  
  29  2:40  Drone  
  30  2:47  Unknown, Hatchery  
  29  2:51  Drone  
  29  2:54  Overlord  
  29  2:58  Drone  
  31  3:01  Drone  
  31  3:03  Drone  
  33  3:07  Drone  
  33  3:09  Drone x2  
  35  3:14  Overlord  
  35  3:16  Drone  
  35  3:19  Drone  
  37  3:22  Drone  
  37  3:24  Drone  
  39  3:32  Roach Warren  
  38  3:35  Evolution Chamber, Drone  
  38  3:39  Zergling x2  
  38  3:40  Zergling x2  
  40  3:43  Drone  
  40  3:46  Queen  
  43  3:49  Drone  
  43  3:55  Drone  
  45  3:56  Drone  
  45  3:57  Drone x2  
  45  3:58  Unknown  
  48  4:03  Drone  
  48  4:04  Drone x2  
  48  4:07  Extractor, Queen  
  52  4:10  Overlord  
  52  4:14  Drone  
  53  4:18  Drone x2  
  55  4:25  Zerg Ground Armor Level 1  
  55  4:31  Evolution Chamber  
  54  4:34  Drone x4  
  54  4:38  Extractor  
  56  4:39  Extractor  
  56  4:42  Overlord  
  56  4:44  Roach x3  
  61  4:49  Roach  
  63  4:54  Spore Crawler  
  63  4:55  Roach x2  
  63  5:01  Roach  
  64  5:17  Ravager  
  64  5:18  Drone x3  
  64  5:19  Overlord x2, Drone  
  69  5:26  Roach x2  
  71  5:33  Drone x2  
  71  5:34  Drone x2  
  74  5:42  Drone x3  
  77  5:44  Drone x5  
  77  5:46  Zerg Melee Weapons Level 1  
  82  5:51  Lair  
  82  5:56  Ravager x2  
  84  5:58  Drone  
  84  6:00  Drone x3  
  88  6:08  Drone  
  88  6:09  Spore Crawler  
  83  6:20  Drone x2  
  83  6:21  Drone  
  83  6:24  Drone x4  
  90  6:29  Overlord  
  90  6:37  Overlord x2  
  90  6:50  Extractor  
  90  6:52  Extractor  
  88  6:54  Roach x2  
  88  6:57  Roach  
  88  6:58  Overlord  
  88  6:59  Overlord x4  
  88  7:00  Drone x3  
  96  7:08  Roach x4  
  96  7:09  Roach x3  
  96  7:13  Drone  
  104  7:20  Ravager x3  
  104  7:21  Ravager x5  
  112  7:23  Roach  
  112  7:24  Drone  
  113  7:38  Drone x2  
  113  7:40  Drone x4  
  113  7:41  Zerg Ground Armor Level 2  
  119  7:48  Infestation Pit  
  118  7:54  Roach  
  118  7:55  Roach x2  
  124  8:01  Roach x2  
  124  8:04  Glial Reconstitution  
  128  8:10  Roach x3  
  129  8:21  Roach x4  
  129  8:25  Roach x2  
  129  8:26  Ravager x2  
  143  8:33  Roach x3  
  145  8:41  Roach x3  
  146  8:46  Roach  
  141  8:49  Roach x3  
  141  8:50  Ravager  
  141  8:51  Ravager  
  131  8:55  Roach  
  131  8:56  Roach  
  131  9:01  Roach  
  114  9:06  Roach x2  
  114  9:08  Roach  
  106  9:14  Drone  
  103  9:20  Drone  
  103  9:21  Drone  
  103  9:22  Drone x2  
  94  9:30  Ravager  
  94  9:31  Ravager x2  
  92  9:46  Drone x3  
  95  9:56  Roach x3  
  101  10:11  Hive  
  101  10:14  Roach  
  101  10:15  Roach x4  
  101  10:20  Ravager  
  101  10:21  Ravager x6  
  117  10:22  Ravager  
  117  10:24  Roach  
  121  10:34  Roach x4  
  129  10:38  Zerg Melee Weapons Level 2  
  109  10:58  Roach x8  
  125  11:04  Roach  
  125  11:05  Roach x3  
  133  11:16  Roach  
  133  11:17  Roach  
  137  11:22  Unknown, Hatchery  
  137  11:24  Roach x2  
  146  11:32  Roach  
  146  11:33  Roach x2  
  146  11:36  Roach x3  
  146  11:37  Roach  
  146  11:39  Spine Crawler  
  153  11:53  Overlord  
  154  11:58  Ultralisk Cavern  
  149  12:02  Roach x2  
  149  12:07  Unknown, Hatchery  
  130  12:43  Spine Crawler  
  129  12:48  Chitinous Plating  
  129  12:51  Extractor  
  128  12:53  Extractor  
  127  13:01  Ultralisk x2  
  127  13:02  Ultralisk x3  
  127  13:04  Ravager x2  
  159  13:11  Unknown, Hatchery  
  158  13:17  Spire  
  158  13:18  Unknown  
  145  13:23  Ultralisk  
  144  13:27  Ultralisk  
  148  13:43  Ultralisk  
  148  13:46  Drone  
  148  13:47  Drone x3  
  158  13:48  Drone  
  158  13:55  Drone x3  
  151  14:18  Drone x2  
  151  14:19  Drone x4  
  151  14:23  Unknown  
  130  14:39  Ultralisk  
  133  14:48  Zergling x2  
  133  14:49  Zergling x8  
  133  14:52  Zergling x10  
  130  15:01  Zergling x8  
  112  15:26  Spire  
  112  15:27  Extractor  
  104  15:37  Zergling x2  
  104  15:38  Zergling x16  
  104  15:39  Zergling x2  
  108  15:47  Queen x2  
  104  16:19  Queen  
  104  16:21  Spine Crawler  
  104  16:22  Spine Crawler  
  104  16:25  Drone x3  
  107  16:27  Extractor x2  
  105  16:36  Drone x3  
  105  16:38  Drone  
  106  16:51  Unknown, Hatchery  
  99  17:08  Queen x2  
  101  17:09  Drone x3  
  101  17:12  Drone x2  
  106  17:29  Mutalisk  
  106  17:30  Mutalisk  
  106  17:31  Mutalisk  
  111  17:40  Mutalisk  
  111  17:51  Mutalisk x2  
  111  17:53  Mutalisk  
  117  18:02  Unknown  
  117  18:05  Mutalisk x2  
  117  18:11  Spore Crawler  
  120  18:13  Mutalisk  
Show
View Real Time Build Order
Export as new Build Order

WoodedMicrob Terran 

Build Orders: Command Center First (CC), Liberator Opening, MMM Bio 

Get SALT Encoding   

  12  0:01  SCV  
  13  0:13  SCV  
  14  0:17  Supply Depot  
  14  0:25  SCV  
  15  0:56  SCV  
  16  0:59  Command Center, Unknown  
  16  1:08  SCV  
  17  1:14  Barracks  
  17  1:22  Refinery  
  17  1:23  SCV  
  18  1:34  Refinery  
  18  1:35  SCV  
  19  1:47  SCV  
  20  1:59  SCV  
  21  2:11  Unknown  
  21  2:12  Orbital Command  
  21  2:13  Supply Depot  
  21  2:14  Barracks Reactor  
  21  2:22  Orbital Command  
  21  2:34  Factory  
  21  2:38  SCV  
  22  2:50  Marine x2  
  24  2:54  SCV  
  25  3:08  Marine x2  
  27  3:14  SCV  
  28  3:21  Starport  
  28  3:31  Hellion x2  
  28  3:32  Orbital Command  
  32  3:38  Marine  
  33  3:42  SCV  
  33  3:44  Liberator  
  34  3:54  SCV  
  35  3:58  SCV  
  40  4:04  Barracks Tech Lab  
  40  4:05  Hellion x2  
  43  4:11  SCV  
  43  4:12  Supply Depot  
  43  4:14  SCV  
  45  4:25  SCV  
  45  4:30  Bunker  
  46  4:31  Supply Depot x2  
  46  4:34  SCV, Stimpack  
  47  4:39  SCV, Barracks  
  47  4:42  Marine  
  47  4:44  Factory Tech Lab  
  49  4:46  SCV  
  49  4:49  Starport Reactor  
  49  4:51  SCV  
  51  5:01  Engineering Bay  
  51  5:03  SCV x2  
  53  5:15  SCV  
  53  5:16  Marine  
  53  5:17  Command Center, Unknown  
  53  5:18  Liberator  
  53  5:19  Liberator  
  55  5:23  SCV  
  54  5:30  Marine x2  
  54  5:31  Siege Tank  
  56  5:36  SCV  
  56  5:40  Refinery  
  63  5:44  SCV  
  63  5:45  Refinery  
  63  5:47  Supply Depot  
  64  5:52  Marine  
  64  5:53  Marine x2  
  64  5:54  SCV  
  64  5:56  SCV  
  69  6:06  SCV  
  69  6:09  Siege Tank  
  71  6:13  Barracks  
  67  6:18  Marine x2  
  67  6:19  Marine  
  67  6:22  SCV x2  
  72  6:29  Unknown  
  72  6:31  Terran Infantry Weapons Level 1, Engineering Bay  
  72  6:32  Orbital Command  
  72  6:34  Barracks  
  72  6:38  SCV  
  73  6:41  Siege Tank  
  73  6:44  Marine x3  
  79  6:50  SCV x2  
  81  6:57  Medivac  
  83  7:01  Barracks Tech Lab  
  83  7:02  Marine x2  
  83  7:04  Barracks, Orbital Command  
  85  7:10  SCV  
  85  7:12  Marine  
  85  7:13  Siege Tank  
  90  7:19  Marine  
  90  7:21  Marauder, SCV  
  90  7:22  SCV  
  92  7:25  Barracks Reactor, Marine  
  92  7:28  Barracks  
  90  7:30  Marauder, SCV  
  90  7:34  Supply Depot  
  90  7:36  Supply Depot x2  
  93  7:40  Combat Shields  
  93  7:45  Terran Infantry Armor Level 1  
  93  7:47  Supply Depot  
  93  7:49  Armory  
  93  7:55  SCV x2, Marine x4  
  93  7:56  Marauder  
  93  7:57  Medivac x2  
  105  7:59  SCV  
  106  8:08  SCV x2  
  106  8:10  Marine x2  
  106  8:11  SCV  
  103  8:24  Marauder, Marine  
  106  8:33  Marauder, Marine  
  108  8:44  Marine  
  108  8:45  Marauder  
  89  8:56  Marauder, Marine  
  79  9:07  Marauder  
  68  9:15  Liberator x2  
  54  9:17  Marauder  
  54  9:23  SCV x3  
  47  9:28  Marauder  
  47  9:29  Marine x5  
  51  9:35  SCV x3  
  60  9:38  Marine  
  60  9:45  Concussive Shells  
  61  9:47  SCV x3, Marine x5  
  61  9:49  Marine  
  70  9:56  Marine  
  70  9:57  Terran Infantry Weapons Level 2  
  70  9:58  Terran Infantry Armor Level 2  
  70  9:59  SCV  
  72  10:00  SCV  
  72  10:02  SCV  
  72  10:05  Marine x4  
  78  10:07  Marauder, Marine  
  78  10:12  SCV x2  
  83  10:14  SCV, Marine  
  85  10:22  Marine  
  85  10:23  Marine x3  
  85  10:26  SCV x2  
  85  10:27  SCV  
  92  10:29  Marauder, Marine  
  95  10:38  SCV  
  95  10:39  SCV  
  95  10:40  SCV  
  98  10:51  SCV  
  85  11:01  Marauder x2, Marine x4  
  85  11:02  Medivac x2  
  95  11:11  Marine  
  96  11:15  SCV  
  96  11:16  SCV  
  96  11:18  Marine, Refinery x2  
  98  11:20  Siege Tank  
  98  11:22  Marauder  
  98  11:24  Supply Depot  
  104  11:26  Supply Depot  
  104  11:28  SCV x2  
  104  11:29  SCV  
  104  11:30  Marine x2  
  109  11:40  SCV  
  109  11:57  Marauder x2, Marine  
  99  12:15  Marine x3  
  100  12:18  Marauder x2  
  100  12:20  SCV x3  
  106  12:38  Siege Tank  
  109  12:44  Liberator x2  
  109  12:45  Marauder x2, Marine x3  
  109  12:47  Barracks Reactor  
  122  13:11  Marauder, Marine  
  120  13:23  Marauder, Marine  
  107  13:32  Orbital Command  
  104  13:36  Marine  
  104  13:37  Marauder, Marine x5  
  104  13:40  Marine  
  104  13:46  Marauder  
  95  14:12  Marine  
  77  14:25  Marauder, Marine  
  80  14:34  Marauder  
  80  14:35  Marine  
  80  14:36  Marine  
  79  14:38  Supply Depot x3  
  76  14:46  Marauder  
  77  15:06  Orbital Command  
  70  15:24  Marauder, Marine  
  73  15:31  Marine  
  73  15:32  Marauder  
  76  15:36  Marine  
  77  15:46  Marauder, Marine  
  77  15:47  Marine  
  81  15:53  Marauder  
  71  16:11  Liberator x2  
  57  16:44  Marauder  
  50  17:33  Orbital Command  
Tags
 
Add a new tag
Caveats
  • Supply blocks, unpowered buildings, or Contaminate may cause inaccurate times.
  • Supply counts are checked every 10 seconds.